 Dungeon Crawl Stone Soup version 0.26-a0-597-gb535b0901c (webtiles) character file.

Game seed: 4359051926612913957

9 Alarkh the Skirmisher (level 2, 15/24 HPs)
             Began as a Demonspawn Monk on Sept 2, 2020.
             Got out of the dungeon alive.
             The game lasted 00:00:23 (519 turns).

Alarkh the Skirmisher (Demonspawn Monk)              Turns: 519, Time: 00:00:23

Health: 15/24      AC:  2    Str: 11    XL:     2   Next: 6%
Magic:  11/11      EV: 13    Int: 11    God:
Gold:   57         SH:  0    Dex: 17    Spells: 1/1 levels left

rFire    . . .     SeeInvis .     - Unarmed
rCold    . . .     Faith    .   (no shield)
rNeg     . . .     Spirit   .   a - +0 robe
rPois    .         Reflect  .   (no helmet)
rElec    .         Harm     .   (no cloak)
rCorr    .                      (no gloves)
MR       .....                  (no boots)
Stlth    +++.......             (no amulet)
HPRegen  0.08/turn              c - ring of magical power
MPRegen  0.12/turn              (no ring)

@: no status effects
A: thin skeletal structure 1
a: no special abilities


You escaped.
You visited 1 branch of the dungeon, and saw 1 of its levels.

You collected 57 gold pieces.

Inventory:

Armour
 a - a +0 robe (worn)
Jewellery
 c - a ring of magical power (left hand)
Scrolls
 b - a scroll of remove curse {unknown}


   Skills:
 + Level 3.2 Fighting
 - Level 2.6 Dodging
 - Level 1.7 Stealth
 * Level 3.1 Unarmed Combat


You had one spell level left.
You didn't know any spells.
Your spell library was empty.

Dungeon Overview and Level Annotations

Branches:
Dungeon (1/15)

Altars:


Innate Abilities, Weirdness & Mutations

You have a somewhat thin skeletal structure. (Dex +2, Stealth)


Message History

Your demonic ancestry asserts itself...
Your bones become slightly less dense.
The kobold hits you.
You are too injured to fight recklessly!
You are too injured to fight recklessly!
You are too injured to fight recklessly!
You are too injured to fight recklessly!
You barely miss the kobold. The kobold hits you.
You hit the kobold but do no damage. The kobold hits you.
You hit the kobold but do no damage. The kobold misses you.
You hit the kobold.
You kill the kobold!
You see here a kobold corpse.
You see here a stone.
Things that are here:
3 stones; a kobold skeleton You see here a scale mail.
There is a staircase leading out of the dungeon here.
Are you sure you want to leave the Dungeon?
This will make you lose the game!
You have escaped!

.# ♣P≈P♣♣P≈≈♣ #.... .#
♣≈≈≈♣♣≈≈≈♣♣≈≈≈♣♣ #.... .#
♣.^.♣..^.♣♣.^..♣ ...... .#
...♣PP..♣♣P..P♣ ##..###
.##### ♣.♣♣♣♣.♣♣♣♣.♣♣♣♣♣♣♣
#.. .. .....#
♣..♣♣........♣P.≈P♣♣#. ##
####.###.P♣♣.........[^≈≈8♣
#.
.........P..........♣P.≈P♣♣
#.
####..........[.@...♣♣♣♣♣♣
#. #........P.......♣P.≈P♣♣
#. #####..♣♣P.........^≈≈8♣
#. ♣.P♣♣........♣P.≈≈♣♣ ##
♣.♣♣♣♣.♣♣♣♣.♣♣♣♣♣♣♣
♣P.P♣PP.. ♣...P♣
♣.^.♣..^.♣♣.^..♣
♣≈≈≈♣♣≈≈≈♣♣≈≈≈♣♣ ♣≈≈≈♣♣≈≈
♣P≈P♣


There were no monsters in sight!

Vanquished Creatures
  3 goblins (D:1)
  A bat (D:1)
  A frilled lizard (D:1)
  3 kobolds (D:1)
  2 rats (D:1)
10 creatures vanquished.

Notes
Turn   | Place    | Note
-------+----------+-------------------------------------------
     0 | D:1      | Alarkh the Demonspawn Monk began the quest for the Orb.
     0 | D:1      | Reached XP level 1. HP: 18/18 MP: 1/1
   438 | D:1      | Gained mutation: You have a somewhat thin skeletal
                  | structure. (Dex +2, Stealth) [demonic ancestry]
   438 | D:1      | Reached XP level 2. HP: 13/24 MP: 2/2
   519 | D:$      | Got out of the dungeon alive.

Illustrated notes

Levels and vault maps discovered:
D:1:      psy_arrival_wood_between_worlds, layout_basic

Skill      XL: |  1 |
---------------+----+-----
Unarmed Combat | 3 |  3.1
Fighting       | |  3.2
Dodging        | |  2.6
Stealth        | |  1.7

Action                   || total
-------------------------++-------
Melee: Unarmed           ||    32
 Stab: Sleeping          ||     2
Dodge: Dodged            ||    17

Table legend: (Time is in decaauts)
 A = Elapsed time spent in this place.
 B = Non-inter-level travel time spent in this place.
 C = Inter-level travel time spent in this place.
 D = Time resting spent in this place.
 E = Time spent auto-exploring this place.
 F = Levels seen in this place.
 G = Mean time per level.
                   A        B        C        D        E       F      G
               +--------+--------+--------+--------+--------+-----+--------+
         Total |    516 |    442 |     74 |     98 |    268 |   1 |  516.0 |
       Dungeon |    516 |    442 |     74 |     98 |    268 |   1 |  516.0 |
               +--------+--------+--------+--------+--------+-----+--------+

Top non-repeatable levels by time:
     D:1: 516 daAuts
